 Dungeon Crawl Stone Soup version 0.30-a0-857-gcaf70739d4 (webtiles) character file.

Game seed: 1532513956279020675

53 jimonade the Magician (level 4, -1/33 HPs)
             Began as a Djinni Warper on Mar 5, 2023.
             Slain by an orc
             ... wielding a +0 flail
              (7 damage)
             ... on level 2 of the Dungeon.
             The game lasted 00:03:27 (1850 turns).

jimonade the Magician (Djinni Warper)               Turns: 1850, Time: 00:03:28

Health: -1/33      AC:  3    Str: 12    XL:     4   Next: 11%
Gold:   155        EV: 12    Int: 14    God:
                   SH:  5    Dex: 13

rFire   + + .      SeeInvis .    a - +0 short sword
rCold   x . .      Faith    .    (no shield)
rNeg    . . .      Spirit   .    b - +0 leather armour
rPois   ∞          Reflect  +    (no helmet)
rElec   .          Rampage  .    (no cloak)
rCorr   +                        (no gloves)
Will    .....                    (boots unavailable)
Stlth   +                        m - amulet of reflection
HPRegen 0.25/turn                e - ring of resist corrosion
MPRegen 0.00/turn                (no ring)

@: flying
A: sickness immunity, fire resistance 2, cold vulnerability 1, float, innate
caster, HP casting, extra vitality 1
a: no special abilities


You were on level 2 of the Dungeon.
You visited 1 branch of the dungeon, and saw 3 of its levels.

You collected 155 gold pieces.

Inventory:

Hand Weapons
 a - a +0 short sword (weapon)
 o - a +0 whip
Missiles
 d - 7 boomerangs of dispersal
 j - 8 stones
 p - 11 poisoned darts
Armour
 b - a +0 leather armour (worn)
 l - a +0 tower shield
Jewellery
 e - a ring of resist corrosion (left hand)
 m - an amulet of reflection (around neck)
Scrolls
 c - 3 scrolls of blinking
 f - a scroll of poison {unknown}
 g - a scroll of brand weapon {unknown}
 q - a scroll of vulnerability {unknown}
 r - a scroll of teleportation {unknown}
Potions
 h - 3 potions of heal wounds {unknown}
 i - a potion of degeneration {unknown}
 k - 3 potions of curing {unknown}
 n - a potion of berserk rage {unknown}


   Skills:
 - Level 2.0 Fighting
 - Level 1.7 Short Blades
 - Level 0.7 Throwing
 - Level 1.0 Armour
 - Level 2.1 Dodging
 + Level 3.6 Spellcasting


You knew the following spells:

 Your Spells              Type           Power      Damage    Failure   Level
a - Blink                 Tloc           24%        N/A       9%          2
b - Lesser Beckoning      Tloc           24%        N/A       9%          2
c - Vhi's Electric Charg  Tloc/Air       24%        N/A       17%         3
d - Teleport Other        Tloc           12%        N/A       17%         3
e - Manifold Assault      Tloc           12%        N/A       50%         4
f - Beastly Appendage     Tmut           24%        N/A       5%          1
Your spell library was empty.

Dungeon Overview and Level Annotations

Branches:
Dungeon (3/15)

Altars:
Nemelex Xobeh


Innate Abilities, Weirdness & Mutations

You are immune to sickness and miasma.
You are immune to poison.
Your flesh is very heat resistant. (rF++)
You are vulnerable to cold. (rC-)
You float through the air rather than walking.
You learn spells naturally, not from books.
Your magical power is your life essence.
You have superior vitality. (+4 MHP)


Message History

You closely miss the orc.
The orc is lightly wounded.
The orc misses you.
You closely miss the orc.
The orc is lightly wounded.
You block the orc's attack.
You hit the orc but do no damage.
The orc is lightly wounded.
The orc barely misses you.
You closely miss the orc.
The orc is lightly wounded.
The orc barely misses you.
You barely miss the orc.
The orc is lightly wounded.
The orc barely misses you.
You barely miss the orc.
The orc is lightly wounded.
The orc barely misses you.
You closely miss the orc.
The orc is lightly wounded.
You block the orc's attack.
You hit the orc.
The orc is moderately wounded.
The orc hits you but does no damage.
You hit the orc.
The orc is severely wounded.
The orc hits you with a +0 flail!
* * * LOW HITPOINT WARNING * * *
You hit the orc but do no damage.
The orc is severely wounded.
The orc closely misses you.
You closely miss the orc.
The orc is severely wounded.
The orc completely misses you.
You hit the orc but do no damage.
The orc is severely wounded.
You closely miss the orc.
The orc is severely wounded.
The orc hits you with a +0 flail!
You die...

.###
#####......###
.##########
#........#
.[.##.....#
#..#.#.#.#
.#.##.....#
#..#...#.#
..........#
#..##..#.#
##.##.....#
#..##..#.#
...##.....#
#........#
###########
###)###### #@# #o#
###############.#
##......#.....##.#
##.####.#.###.##.#
##.#....#.# #....#
..........###.####
...#....#.....#
#..####.#######


You could see an orc.

Vanquished Creatures
  2 adders
  A worm (D:2)
  4 ball pythons
  4 endoplasms
  3 goblins
  3 hobgoblins
  3 jackals (D:1)
  A quokka (D:1)
  4 frilled lizards
  3 kobolds
  5 rats (D:1)
33 creatures vanquished.

Notes
Turn   | Place    | Note
-------+----------+-------------------------------------------
     0 | D:1      | jimonade the Djinni Warper began the quest for the Orb.
     0 | D:1      | jimonade set off with the following spells memorised:
                  | Blink, Lesser Beckoning, Vhi's Electric Charge, Teleport
                  | Other, Manifold Assault.
     0 | D:1      | Reached XP level 1. HP: 18/18 MP: 0/0
   147 | D:1      | Reached XP level 2. HP: 15/23 MP: 0/0
   241 | D:1      | Reached skill level 3 in Spellcasting
   586 | D:1      | Reached XP level 3. HP: 26/28 MP: 0/0
   586 | D:1      | Learned a level 1 spell: Beastly Appendage
   912 | D:2      | Found a sparkling altar of Nemelex Xobeh.
  1496 | D:3      | Reached XP level 4. HP: 23/33 MP: 0/0
  1850 | D:2      | Slain by an orc

Illustrated notes

Levels and vault maps discovered:
D:1:      onia_arrival_handbag, layout_basic
D:2:      layout_loops_cross, basic_altar, hangedman_decor_growths
D:3:      wad_lake_hut, layout_loops_ring

Skill      XL: |  1  2 |
---------------+-------+-----
Spellcasting   | 3 |  3.6
Fighting       | |  2.0
Short Blades   | |  1.7
Throwing       | |  0.7
Armour         | |  1.0
Dodging        | |  2.1

Action                     |  1- 3 |  4- 6 || total
---------------------------+-------+-------++-------
  Melee: Short sword       |   104 |    33 ||   137
         Headbutt          |     6 |     7 ||    13
         Punch             |     2 |       ||     2
   Cast: Beastly Appendage |     9 |     5 ||    14
   Stab: Sleeping          |     2 |       ||     2
 Armour: Leather armour    |    19 |     2 ||    21
  Dodge: Dodged            |    41 |    15 ||    56
  Block: Other             |     2 |     7 ||     9

Table legend: (Time is in decaauts)
 A = Elapsed time spent in this place.
 B = Non-inter-level travel time spent in this place.
 C = Inter-level travel time spent in this place.
 D = Time resting spent in this place.
 E = Time spent auto-exploring this place.
 F = Levels seen in this place.
 G = Mean time per level.
                   A        B        C        D        E       F      G
               +--------+--------+--------+--------+--------+-----+--------+
         Total |   1838 |   1780 |     58 |      0 |   1431 |   3 |  612.7 |
       Dungeon |   1838 |   1780 |     58 |      0 |   1431 |   3 |  612.7 |
               +--------+--------+--------+--------+--------+-----+--------+

Top non-repeatable levels by time:
     D:1: 759 daAuts
     D:2: 732 daAuts
     D:3: 345 daAuts
